[ AOE2 MATCH · #457595729 ]
Team RMMaya vs Italians
[ REPLAY ANALYSIS · EXTRACTED FROM THE RECORDED GAME ]
Feudal
10:16
Castle
23:21
Imperial
—
| APM avg | 20.7 |
| APM peak | 55 |
| eAPM avg | 9.9 |
| Villagers / military | 55 / 109 |
Focus
⚔️ 38.3% · 🌾 61.7%
Archer ×108 · Spearman ×1
Feudal
11:54
Castle
15:29
Imperial
—
| APM avg | 42.3 |
| APM peak | 99 |
| eAPM avg | 18.1 |
| Villagers / military | 155 / 39 |
Focus
⚔️ 31.6% · 🌾 68.4%
Unknown (1944) ×97 · Scout Cavalry ×32 · Spearman ×5 · Fishing Ship ×3 · Fire Galley ×2
Feudal
9:44
Castle
28:50
Imperial
—
| APM avg | 34.4 |
| APM peak | 53 |
| eAPM avg | 21.2 |
| Villagers / military | 98 / 132 |
Focus
⚔️ 46.4% · 🌾 53.6%
Knight ×85 · Scout Cavalry ×46 · Spearman ×1
Feudal
9:29
Castle
22:52
Imperial
39:09
| APM avg | 57.5 |
| APM peak | 135 |
| eAPM avg | 23.0 |
| Villagers / military | 134 / 116 |
Focus
⚔️ 41.8% · 🌾 58.2%
Archer ×67 · Genoese Crossbowman ×49
Feudal
10:43
Castle
29:25
Imperial
—
| APM avg | 29.4 |
| APM peak | 76 |
| eAPM avg | 15.0 |
| Villagers / military | 85 / 0 |
Focus
⚔️ 24.2% · 🌾 75.8%
Unknown (2550) ×67
Feudal
12:44
Castle
16:36
Imperial
42:14
| APM avg | 40.9 |
| APM peak | 99 |
| eAPM avg | 21.2 |
| Villagers / military | 126 / 132 |
Focus
⚔️ 37.3% · 🌾 62.7%
Cavalry Archer ×122 · Demolition Raft ×10 · Fishing Ship ×9
Match map
Initial resources + every placement click. Lines = walls · curves = elevation contours. ◆ gold · ⬟ stone · ● berries · ✦ relic · ◌ wall gap
Your base· ✓ Closed at 23:21 · 28t walls · 2 gate(s)
我的魔法會撕裂你's base· ✓ Closed at 15:29 · 29t walls · 1 gate(s)
VZ | Trump's base· Open — unwalled flank
Te juro boludoooooooo's base· Open — unwalled flank
Jimmy's base· Open — unwalled flank
Acido's base· Open — unwalled flank
Smoothed initial terrain · ◌ = detected wall gap · hover for details
Inputs per minute
— guytoufatou - - 我的魔法會撕裂你
Build order — guytoufatou
First 150 of 231 actions detected
| 0:03 | Research | Loom |
| 0:04 | Create | Villager (Male) |
| 0:04 | Create | Villager (Male) |
| 0:07 | Build | House |
| 0:10 | Build | House |
| 0:28 | Create | Villager (Male) |
| 0:28 | Create | Villager (Male) |
| 1:40 | Create | Villager (Male) |
| 1:41 | Create | Villager (Male) |
| 1:59 | Create | Villager (Male) |
| 1:59 | Create | Villager (Male) |
| 2:27 | Build | Lumber Camp |
| 2:34 | Create | Villager (Male) |
| 2:35 | Create | Villager (Male) |
| 2:49 | Create | Villager (Male) |
| 3:09 | Create | Villager (Male) |
| 3:35 | Create | Villager (Male) |
| 3:59 | Build | House |
| 4:01 | Build | House |
| 4:19 | Create | Villager (Male) |
| 4:25 | Build | Mill |
| 4:50 | Create | Villager (Male) |
| 5:08 | Build | Palisade Wall |
| 5:10 | Create | Villager (Male) |
| 5:46 | Create | Villager (Male) |
| 5:47 | Create | Villager (Male) |
| 6:10 | Build | Palisade Wall |
| 6:11 | Build | Palisade Wall |
| 6:12 | Build | Palisade Wall |
| 6:13 | Build | Palisade Wall |
| 6:23 | Create | Villager (Male) |
| 6:54 | Create | Villager (Male) |
| 7:10 | Build | Palisade Wall |
| 7:13 | Build | Palisade Wall |
| 7:28 | Build | Barracks |
| 7:41 | Create | Villager (Male) |
| 8:02 | Research | Feudal Age |
| 8:22 | Build | Mining Camp |
| 8:35 | Build | Palisade Wall |
| 8:39 | Build | Palisade Wall |
| 8:58 | Build | Palisade Gate |
| 10:09 | Build | House |
| 10:16 | Create | Villager (Male) |
| 10:16 | Age | Feudal Age |
| 10:16 | Create | Villager (Male) |
| 10:24 | Build | Archery Range |
| 10:32 | Create | Spearman |
| 10:43 | Create | Villager (Male) |
| 11:12 | Build | House |
| 11:16 | Build | House |
| 11:18 | Create | Archer |
| 11:18 | Create | Archer |
| 11:18 | Create | Archer |
| 11:21 | Create | Villager (Male) |
| 11:49 | Build | Archery Range |
| 11:57 | Create | Archer |
| 11:58 | Create | Villager (Male) |
| 12:10 | Build | Farm |
| 12:11 | Build | Farm |
| 12:15 | Research | Double-Bit Axe |
| 12:40 | Create | Villager (Male) |
| 12:44 | Build | Farm |
| 12:50 | Build | House |
| 12:55 | Build | House |
| 13:18 | Create | Archer |
| 13:19 | Create | Archer |
| 13:42 | Build | Blacksmith |
| 13:45 | Build | House |
| 13:46 | Create | Villager (Male) |
| 13:49 | Build | Farm |
| 14:25 | Create | Archer |
| 14:25 | Create | Archer |
| 14:36 | Create | Villager (Male) |
| 14:41 | Create | Archer |
| 14:41 | Create | Archer |
| 15:00 | Create | Villager (Male) |
| 15:05 | Create | Archer |
| 15:05 | Create | Archer |
| 15:27 | Create | Archer |
| 15:27 | Create | Archer |
| 15:33 | Create | Villager (Male) |
| 15:36 | Build | Farm |
| 15:40 | Research | Fletching |
| 15:45 | Build | House |
| 15:47 | Build | House |
| 15:51 | Create | Archer |
| 15:51 | Create | Archer |
| 16:09 | Create | Archer |
| 16:09 | Create | Archer |
| 16:18 | Build | Farm |
| 16:20 | Build | Farm |
| 16:34 | Create | Archer |
| 16:34 | Create | Archer |
| 16:50 | Create | Villager (Male) |
| 17:03 | Build | Market |
| 17:10 | Build | House |
| 17:14 | Create | Archer |
| 17:14 | Create | Archer |
| 17:22 | Create | Villager (Male) |
| 17:25 | Build | Farm |
| 17:57 | Create | Villager (Male) |
| 18:00 | Build | Farm |
| 18:02 | Create | Archer |
| 18:03 | Create | Archer |
| 18:16 | Build | Palisade Gate |
| 18:21 | Create | Villager (Male) |
| 18:26 | Build | Farm |
| 18:27 | Build | Farm |
| 18:48 | Build | House |
| 19:13 | Create | Archer |
| 19:13 | Create | Archer |
| 19:41 | Create | Archer |
| 19:41 | Create | Archer |
| 19:50 | Build | Farm |
| 19:51 | Build | Farm |
| 20:04 | Build | Palisade Gate |
| 20:15 | Build | House |
| 20:16 | Build | House |
| 20:20 | Build | House |
| 20:23 | Build | House |
| 20:41 | Research | Castle Age |
| 21:32 | Build | House |
| 21:48 | Create | Archer |
| 21:48 | Create | Archer |
| 22:16 | Build | Barracks |
| 22:20 | Create | Archer |
| 22:20 | Create | Archer |
| 22:45 | Build | Farm |
| 22:55 | Create | Archer |
| 22:55 | Create | Archer |
| 23:21 | Age | Castle Age |
| 23:28 | Research | Crossbowman (upgrade) |
| 23:33 | Create | Villager (Male) |
| 23:34 | Create | Villager (Male) |
| 23:34 | Create | Villager (Male) |
| 23:50 | Research | Bodkin Arrow |
| 23:51 | Research | Padded Archer Armor |
| 24:00 | Create | Villager (Male) |
| 24:41 | Create | Villager (Male) |
| 24:41 | Create | Villager (Male) |
| 24:45 | Create | Archer |
| 24:45 | Create | Archer |
| 24:45 | Create | Archer |
| 25:07 | Create | Villager (Male) |
| 25:34 | Create | Archer |
| 25:35 | Create | Archer |
| 25:37 | Create | Villager (Male) |
| 25:51 | Create | Archer |
| 25:51 | Create | Archer |
| 26:45 | Create | Archer |
Build order — 我的魔法會撕裂你
First 150 of 411 actions detected
| 0:02 | Create | Villager (Male) |
| 0:03 | Create | Villager (Male) |
| 0:03 | Create | Villager (Male) |
| 0:06 | Build | House |
| 0:10 | Build | House |
| 0:15 | Create | Villager (Male) |
| 1:31 | Create | Villager (Male) |
| 1:31 | Create | Villager (Male) |
| 1:32 | Create | Villager (Male) |
| 1:51 | Build | Lumber Camp |
| 1:52 | Create | Villager (Male) |
| 1:52 | Create | Villager (Male) |
| 2:36 | Create | Villager (Male) |
| 2:36 | Create | Villager (Male) |
| 2:52 | Create | Villager (Male) |
| 2:52 | Create | Villager (Male) |
| 3:35 | Build | House |
| 3:38 | Build | House |
| 3:39 | Create | Villager (Male) |
| 3:40 | Create | Villager (Male) |
| 3:40 | Create | Villager (Male) |
| 4:13 | Create | Villager (Male) |
| 4:13 | Create | Villager (Male) |
| 4:13 | Create | Villager (Male) |
| 4:14 | Create | Villager (Male) |
| 4:26 | Build | House |
| 5:09 | Create | Villager (Male) |
| 5:09 | Create | Villager (Male) |
| 5:29 | Build | Dock |
| 5:52 | Create | Villager (Male) |
| 5:52 | Create | Villager (Male) |
| 6:20 | Build | House |
| 6:22 | Create | Fishing Ship |
| 6:49 | Create | Villager (Male) |
| 6:49 | Create | Villager (Male) |
| 6:52 | Create | Fishing Ship |
| 7:17 | Create | Villager (Male) |
| 7:17 | Create | Villager (Male) |
| 7:43 | Create | Villager (Male) |
| 7:43 | Create | Villager (Male) |
| 8:19 | Build | Mill |
| 8:19 | Create | Villager (Male) |
| 8:21 | Create | Fishing Ship |
| 9:08 | Build | Mining Camp |
| 9:17 | Research | Loom |
| 9:17 | Research | Feudal Age |
| 10:10 | Build | House |
| 11:28 | Build | Palisade Wall |
| 11:40 | Create | Villager (Male) |
| 11:40 | Create | Villager (Male) |
| 11:54 | Age | Feudal Age |
| 11:56 | Build | Market |
| 12:01 | Build | Blacksmith |
| 12:13 | Research | Double-Bit Axe |
| 12:49 | Research | Castle Age |
| 12:50 | Research | Castle Age |
| 12:50 | Research | Castle Age |
| 13:15 | Create | Fire Galley |
| 13:26 | Research | Horse Collar |
| 13:27 | Research | Horse Collar |
| 13:43 | Build | Palisade Gate |
| 13:52 | Create | Fire Galley |
| 14:12 | Build | Barracks |
| 14:25 | Build | House |
| 14:29 | Build | House |
| 15:14 | Create | Villager (Male) |
| 15:16 | Create | Villager (Male) |
| 15:29 | Age | Castle Age |
| 15:37 | Build | Town Center |
| 15:40 | Research | Bow Saw |
| 15:40 | Research | Bow Saw |
| 15:45 | Create | Villager (Male) |
| 16:38 | Create | Villager (Male) |
| 16:41 | Build | Farm |
| 16:44 | Build | Farm |
| 16:53 | Build | Farm |
| 16:57 | Build | Farm |
| 16:59 | Build | Farm |
| 17:06 | Create | Villager (Male) |
| 17:06 | Create | Villager (Male) |
| 17:17 | Create | Villager (Male) |
| 17:20 | Research | Wheelbarrow |
| 17:20 | Research | Wheelbarrow |
| 17:21 | Create | Villager (Male) |
| 17:31 | Research | Wheelbarrow |
| 17:38 | Build | Farm |
| 17:39 | Build | Farm |
| 17:42 | Build | Farm |
| 17:50 | Create | Villager (Male) |
| 17:50 | Create | Villager (Male) |
| 18:09 | Create | Villager (Male) |
| 18:16 | Build | Farm |
| 18:17 | Research | Heavy Plow |
| 18:17 | Research | Heavy Plow |
| 19:01 | Build | Town Center |
| 19:03 | Create | Villager (Male) |
| 19:05 | Build | Farm |
| 19:06 | Build | Farm |
| 19:16 | Create | Villager (Male) |
| 19:21 | Create | Villager (Male) |
| 19:22 | Create | Villager (Male) |
| 19:26 | Build | Farm |
| 19:30 | Build | Farm |
| 19:31 | Build | Farm |
| 19:50 | Create | Villager (Male) |
| 20:15 | Create | Villager (Male) |
| 20:26 | Build | Stable |
| 20:41 | Build | Stable |
| 20:47 | Research | Scale Barding Armor |
| 20:48 | Research | Forging |
| 20:48 | Create | Villager (Male) |
| 20:51 | Build | Farm |
| 20:52 | Build | Farm |
| 21:03 | Research | Husbandry |
| 21:05 | Research | Bloodlines |
| 21:05 | Research | Bloodlines |
| 21:09 | Create | Unit 1944 |
| 21:09 | Create | Unit 1944 |
| 21:11 | Create | Villager (Male) |
| 21:11 | Create | Villager (Male) |
| 21:13 | Create | Villager (Male) |
| 21:13 | Create | Villager (Male) |
| 21:13 | Create | Villager (Male) |
| 21:19 | Build | Farm |
| 21:20 | Build | Farm |
| 21:24 | Build | Farm |
| 21:32 | Create | Villager (Male) |
| 21:37 | Create | Unit 1944 |
| 21:44 | Create | Unit 1944 |
| 21:46 | Create | Unit 1944 |
| 21:55 | Build | Farm |
| 21:57 | Create | Villager (Male) |
| 21:57 | Create | Villager (Male) |
| 22:23 | Create | Unit 1944 |
| 22:25 | Create | Villager (Male) |
| 22:31 | Create | Villager (Male) |
| 22:31 | Create | Villager (Male) |
| 22:39 | Create | Villager (Male) |
| 22:47 | Create | Villager (Male) |
| 22:59 | Create | Villager (Male) |
| 22:59 | Create | Villager (Male) |
| 23:03 | Build | House |
| 23:10 | Create | Unit 1944 |
| 23:13 | Build | House |
| 23:14 | Build | House |
| 23:14 | Build | House |
| 23:15 | Build | House |
| 23:35 | Create | Unit 1944 |
| 23:35 | Create | Unit 1944 |
| 23:35 | Create | Villager (Male) |
Build order — VZ | Trump
First 150 of 356 actions detected
| 0:03 | Research | Loom |
| 0:47 | Create | Villager (Male) |
| 1:36 | Create | Villager (Male) |
| 1:55 | Create | Villager (Male) |
| 2:34 | Create | Villager (Male) |
| 2:34 | Create | Villager (Male) |
| 2:43 | Build | Lumber Camp |
| 2:53 | Create | Villager (Male) |
| 3:11 | Build | House |
| 3:18 | Build | House |
| 3:24 | Create | Villager (Male) |
| 3:36 | Create | Villager (Male) |
| 4:45 | Create | Villager (Male) |
| 4:49 | Create | Villager (Male) |
| 5:17 | Create | Villager (Male) |
| 5:35 | Create | Villager (Male) |
| 5:55 | Build | Mill |
| 6:05 | Create | Villager (Male) |
| 6:27 | Create | Villager (Male) |
| 6:39 | Create | Villager (Male) |
| 7:06 | Create | Villager (Male) |
| 7:16 | Build | Palisade Wall |
| 7:20 | Build | Palisade Wall |
| 7:26 | Build | Palisade Wall |
| 7:28 | Create | Villager (Male) |
| 7:34 | Research | Feudal Age |
| 8:50 | Build | Palisade Wall |
| 8:52 | Create | Villager (Male) |
| 9:01 | Build | Barracks |
| 9:13 | Create | Villager (Male) |
| 9:33 | Create | Villager (Male) |
| 9:44 | Age | Feudal Age |
| 9:49 | Build | House |
| 9:50 | Build | House |
| 9:53 | Research | Double-Bit Axe |
| 9:54 | Create | Villager (Male) |
| 10:07 | Build | House |
| 10:08 | Create | Villager (Male) |
| 10:29 | Build | Stable |
| 10:34 | Build | Palisade Wall |
| 10:35 | Build | Palisade Wall |
| 10:37 | Create | Villager (Male) |
| 10:48 | Create | Villager (Male) |
| 10:52 | Create | Spearman |
| 11:02 | Create | Villager (Male) |
| 11:17 | Create | Scout Cavalry |
| 11:25 | Build | House |
| 11:42 | Build | House |
| 11:45 | Create | Villager (Male) |
| 11:55 | Create | Villager (Male) |
| 11:58 | Build | Blacksmith |
| 12:05 | Build | House |
| 12:06 | Build | Palisade Wall |
| 12:08 | Create | Villager (Male) |
| 12:16 | Create | Villager (Male) |
| 12:23 | Create | Scout Cavalry |
| 12:23 | Create | Scout Cavalry |
| 12:40 | Create | Scout Cavalry |
| 12:47 | Build | Palisade Gate |
| 12:49 | Create | Villager (Male) |
| 12:55 | Research | Horse Collar |
| 12:59 | Build | Farm |
| 13:01 | Build | Farm |
| 13:26 | Create | Scout Cavalry |
| 13:30 | Build | Palisade Gate |
| 13:48 | Research | Forging |
| 14:10 | Build | Farm |
| 14:10 | Build | Farm |
| 14:12 | Build | Farm |
| 14:12 | Build | Farm |
| 14:12 | Build | Farm |
| 14:13 | Build | Farm |
| 14:13 | Build | Farm |
| 14:33 | Build | House |
| 14:34 | Create | Villager (Male) |
| 14:41 | Build | Farm |
| 14:50 | Build | Farm |
| 14:55 | Create | Villager (Male) |
| 15:11 | Build | House |
| 15:13 | Create | Villager (Male) |
| 15:15 | Build | Farm |
| 15:26 | Create | Scout Cavalry |
| 15:51 | Create | Scout Cavalry |
| 15:52 | Create | Villager (Male) |
| 15:56 | Build | Farm |
| 15:57 | Build | Farm |
| 15:59 | Build | Farm |
| 16:00 | Create | Villager (Male) |
| 16:15 | Create | Scout Cavalry |
| 16:22 | Build | Farm |
| 16:29 | Create | Villager (Male) |
| 16:30 | Create | Villager (Male) |
| 16:45 | Build | Lumber Camp |
| 16:48 | Create | Villager (Male) |
| 16:48 | Create | Villager (Male) |
| 17:00 | Create | Scout Cavalry |
| 17:01 | Create | Scout Cavalry |
| 17:15 | Build | Farm |
| 17:18 | Build | Farm |
| 17:33 | Create | Scout Cavalry |
| 17:46 | Create | Villager (Male) |
| 17:47 | Create | Villager (Male) |
| 17:49 | Build | Farm |
| 17:49 | Build | Farm |
| 17:52 | Build | Farm |
| 17:52 | Build | Farm |
| 18:18 | Create | Villager (Male) |
| 18:20 | Build | Farm |
| 18:24 | Build | Farm |
| 18:25 | Create | Villager (Male) |
| 18:41 | Create | Scout Cavalry |
| 18:41 | Create | Scout Cavalry |
| 18:52 | Build | Stable |
| 18:59 | Build | Farm |
| 19:02 | Build | Farm |
| 19:06 | Create | Scout Cavalry |
| 19:28 | Create | Villager (Male) |
| 19:32 | Build | Farm |
| 19:32 | Create | Villager (Male) |
| 19:35 | Build | Mining Camp |
| 19:40 | Create | Scout Cavalry |
| 19:40 | Create | Scout Cavalry |
| 19:52 | Build | Lumber Camp |
| 20:00 | Create | Scout Cavalry |
| 20:00 | Create | Scout Cavalry |
| 20:21 | Create | Villager (Male) |
| 20:21 | Create | Villager (Male) |
| 20:28 | Create | Scout Cavalry |
| 20:29 | Create | Scout Cavalry |
| 20:30 | Create | Villager (Male) |
| 20:37 | Build | Farm |
| 20:38 | Build | Farm |
| 20:38 | Build | Farm |
| 20:38 | Build | Farm |
| 20:39 | Create | Villager (Male) |
| 20:51 | Create | Scout Cavalry |
| 21:03 | Create | Scout Cavalry |
| 21:21 | Build | Farm |
| 21:21 | Build | Farm |
| 21:21 | Build | Farm |
| 21:21 | Build | Farm |
| 21:22 | Build | Farm |
| 21:22 | Build | Farm |
| 21:30 | Research | Scale Barding Armor |
| 21:39 | Create | Scout Cavalry |
| 21:51 | Create | Scout Cavalry |
| 21:56 | Build | Stable |
| 22:08 | Create | Scout Cavalry |
| 22:28 | Create | Scout Cavalry |
| 22:28 | Create | Scout Cavalry |
Build order — Te juro boludoooooooo
First 150 of 401 actions detected
| 0:01 | Create | Villager (Male) |
| 0:01 | Create | Villager (Male) |
| 0:01 | Create | Villager (Male) |
| 0:01 | Create | Villager (Male) |
| 0:02 | Build | House |
| 0:04 | Build | House |
| 1:27 | Create | Villager (Male) |
| 1:27 | Create | Villager (Male) |
| 1:27 | Create | Villager (Male) |
| 1:55 | Create | Villager (Male) |
| 1:56 | Create | Villager (Male) |
| 2:27 | Research | Loom |
| 2:47 | Create | Villager (Male) |
| 2:47 | Create | Villager (Male) |
| 3:07 | Build | Lumber Camp |
| 3:11 | Create | Villager (Male) |
| 3:38 | Create | Villager (Male) |
| 3:58 | Build | House |
| 4:07 | Create | Villager (Male) |
| 4:23 | Create | Villager (Male) |
| 4:23 | Create | Villager (Male) |
| 4:24 | Create | Villager (Male) |
| 4:37 | Create | Villager (Male) |
| 5:24 | Create | Villager (Male) |
| 5:27 | Create | Villager (Male) |
| 5:27 | Create | Villager (Male) |
| 5:27 | Create | Villager (Male) |
| 5:31 | Build | Mill |
| 6:33 | Create | Villager (Male) |
| 7:19 | Research | Feudal Age |
| 7:19 | Research | Feudal Age |
| 7:42 | Build | Barracks |
| 7:46 | Create | Villager (Male) |
| 8:18 | Create | Villager (Male) |
| 8:39 | Build | Mining Camp |
| 8:43 | Build | House |
| 8:50 | Create | Villager (Male) |
| 9:11 | Create | Villager (Male) |
| 9:11 | Create | Villager (Male) |
| 9:29 | Age | Feudal Age |
| 9:32 | Research | Double-Bit Axe |
| 9:40 | Build | Archery Range |
| 9:44 | Create | Villager (Male) |
| 10:01 | Create | Villager (Male) |
| 10:07 | Create | Villager (Male) |
| 10:11 | Create | Villager (Male) |
| 10:30 | Build | Archery Range |
| 10:35 | Create | Archer |
| 10:41 | Create | Villager (Male) |
| 10:53 | Create | Archer |
| 10:53 | Create | Archer |
| 11:02 | Create | Archer |
| 11:03 | Create | Archer |
| 11:06 | Build | House |
| 11:21 | Research | Gold Mining |
| 11:39 | Create | Archer |
| 11:56 | Create | Archer |
| 11:57 | Create | Archer |
| 12:13 | Create | Villager (Male) |
| 12:19 | Build | Blacksmith |
| 12:20 | Build | House |
| 12:31 | Create | Archer |
| 12:57 | Create | Archer |
| 12:58 | Create | Villager (Male) |
| 12:58 | Create | Villager (Male) |
| 13:17 | Create | Archer |
| 13:17 | Create | Villager (Male) |
| 13:20 | Create | Villager (Male) |
| 13:22 | Research | Fletching |
| 13:24 | Build | House |
| 13:26 | Create | Villager (Male) |
| 13:30 | Create | Archer |
| 13:30 | Create | Archer |
| 13:31 | Create | Villager (Male) |
| 13:31 | Create | Villager (Male) |
| 13:32 | Create | Villager (Male) |
| 13:37 | Build | House |
| 13:43 | Research | Horse Collar |
| 14:03 | Create | Archer |
| 14:03 | Create | Archer |
| 14:27 | Research | Padded Archer Armor |
| 14:27 | Create | Archer |
| 14:27 | Create | Archer |
| 14:29 | Build | Farm |
| 14:29 | Build | Farm |
| 14:30 | Build | Farm |
| 14:30 | Build | Farm |
| 14:32 | Build | House |
| 14:42 | Create | Archer |
| 14:51 | Create | Archer |
| 14:51 | Create | Archer |
| 14:55 | Build | Farm |
| 14:55 | Build | Farm |
| 14:55 | Build | Farm |
| 14:57 | Create | Villager (Male) |
| 14:57 | Create | Villager (Male) |
| 14:59 | Build | House |
| 15:16 | Build | Farm |
| 15:36 | Create | Archer |
| 15:39 | Build | Farm |
| 15:39 | Build | Farm |
| 15:40 | Build | Farm |
| 15:44 | Build | House |
| 15:48 | Create | Villager (Male) |
| 15:49 | Create | Archer |
| 16:01 | Create | Archer |
| 16:17 | Build | House |
| 16:20 | Create | Archer |
| 16:23 | Build | Farm |
| 16:24 | Create | Villager (Male) |
| 16:50 | Create | Archer |
| 16:51 | Create | Villager (Male) |
| 16:54 | Build | House |
| 16:55 | Create | Villager (Male) |
| 16:56 | Create | Archer |
| 17:18 | Create | Villager (Male) |
| 17:19 | Build | Farm |
| 17:52 | Build | House |
| 17:53 | Create | Villager (Male) |
| 17:54 | Build | Farm |
| 18:10 | Create | Villager (Male) |
| 18:13 | Build | Farm |
| 18:17 | Create | Villager (Male) |
| 18:19 | Create | Villager (Male) |
| 18:23 | Build | House |
| 18:27 | Create | Villager (Male) |
| 18:50 | Create | Villager (Male) |
| 18:51 | Create | Villager (Male) |
| 18:51 | Create | Villager (Male) |
| 19:01 | Build | Farm |
| 19:02 | Create | Villager (Male) |
| 19:02 | Create | Villager (Male) |
| 19:28 | Build | House |
| 19:29 | Create | Villager (Male) |
| 19:29 | Build | Farm |
| 19:45 | Build | Market |
| 19:54 | Build | Farm |
| 20:12 | Research | Castle Age |
| 20:12 | Research | Castle Age |
| 20:37 | Create | Archer |
| 20:37 | Create | Archer |
| 20:37 | Create | Archer |
| 20:38 | Create | Archer |
| 20:51 | Create | Archer |
| 21:15 | Create | Archer |
| 21:21 | Create | Archer |
| 21:21 | Create | Archer |
| 21:22 | Create | Villager (Male) |
| 21:22 | Create | Villager (Male) |
| 21:22 | Create | Villager (Male) |
Build order — Jimmy
First 150 of 213 actions detected
| 0:01 | Create | Villager (Male) |
| 0:01 | Create | Villager (Male) |
| 0:02 | Create | Villager (Male) |
| 0:03 | Build | House |
| 0:04 | Build | House |
| 0:29 | Create | Villager (Male) |
| 1:48 | Create | Villager (Male) |
| 1:48 | Create | Villager (Male) |
| 1:49 | Create | Villager (Male) |
| 1:49 | Create | Villager (Male) |
| 2:15 | Build | Settlement |
| 2:17 | Create | Villager (Male) |
| 3:07 | Create | Villager (Male) |
| 3:07 | Create | Villager (Male) |
| 3:07 | Create | Villager (Male) |
| 3:08 | Create | Villager (Male) |
| 3:34 | Create | Villager (Male) |
| 3:35 | Create | Villager (Male) |
| 3:35 | Create | Villager (Male) |
| 3:58 | Create | Villager (Male) |
| 3:59 | Create | Villager (Male) |
| 3:59 | Create | Villager (Male) |
| 4:30 | Create | Villager (Male) |
| 4:31 | Create | Villager (Male) |
| 4:31 | Create | Villager (Male) |
| 4:36 | Create | Villager (Male) |
| 4:37 | Create | Villager (Male) |
| 4:37 | Create | Villager (Male) |
| 4:51 | Build | Settlement |
| 4:53 | Create | Villager (Male) |
| 4:53 | Create | Villager (Male) |
| 6:20 | Create | Villager (Male) |
| 6:22 | Create | Villager (Male) |
| 6:22 | Create | Villager (Male) |
| 6:22 | Create | Villager (Male) |
| 6:23 | Create | Villager (Male) |
| 6:23 | Create | Villager (Male) |
| 6:42 | Create | Villager (Male) |
| 6:42 | Create | Villager (Male) |
| 7:15 | Build | Settlement |
| 8:00 | Create | Villager (Male) |
| 8:33 | Research | Feudal Age |
| 8:49 | Research | Loom |
| 9:04 | Build | Barracks |
| 10:08 | Create | Unit 2550 |
| 10:08 | Create | Unit 2550 |
| 10:09 | Create | Unit 2550 |
| 10:37 | Build | Farm |
| 10:37 | Build | Farm |
| 10:37 | Build | Farm |
| 10:38 | Build | Farm |
| 10:43 | Age | Feudal Age |
| 10:56 | Build | Blacksmith |
| 11:12 | Create | Villager (Male) |
| 11:14 | Create | Villager (Male) |
| 11:21 | Create | Unit 2550 |
| 11:50 | Create | Villager (Male) |
| 12:02 | Research | Tech 1402 |
| 12:08 | Research | Forging |
| 12:13 | Research | Double-Bit Axe |
| 12:39 | Create | Villager (Male) |
| 12:40 | Create | Villager (Male) |
| 12:47 | Build | House |
| 13:08 | Create | Unit 2550 |
| 13:09 | Create | Unit 2550 |
| 13:36 | Create | Unit 2550 |
| 13:41 | Research | Scale Mail Armor |
| 14:18 | Create | Unit 2550 |
| 14:18 | Create | Unit 2550 |
| 14:21 | Create | Villager (Male) |
| 14:22 | Create | Villager (Male) |
| 14:54 | Research | Horse Collar |
| 15:14 | Create | Villager (Male) |
| 15:27 | Build | Farm |
| 15:28 | Build | Farm |
| 15:29 | Build | Farm |
| 15:33 | Create | Unit 2550 |
| 15:34 | Create | Villager (Male) |
| 15:43 | Build | House |
| 15:44 | Build | House |
| 15:56 | Build | House |
| 15:59 | Build | House |
| 16:02 | Create | Unit 2550 |
| 16:04 | Create | Villager (Male) |
| 16:13 | Build | House |
| 16:15 | Build | Palisade Wall |
| 16:18 | Build | House |
| 16:24 | Build | House |
| 16:32 | Build | Farm |
| 16:35 | Build | Farm |
| 16:38 | Build | Farm |
| 16:38 | Create | Villager (Male) |
| 16:40 | Create | Villager (Male) |
| 16:42 | Create | Unit 2550 |
| 16:42 | Create | Unit 2550 |
| 16:51 | Build | Farm |
| 17:03 | Build | Settlement |
| 17:12 | Create | Villager (Male) |
| 17:23 | Build | Farm |
| 17:24 | Build | Farm |
| 17:33 | Create | Unit 2550 |
| 17:34 | Create | Unit 2550 |
| 17:41 | Build | House |
| 17:44 | Build | House |
| 17:47 | Build | House |
| 17:48 | Build | Palisade Wall |
| 17:49 | Create | Villager (Male) |
| 17:56 | Build | House |
| 18:01 | Create | Villager (Male) |
| 18:35 | Create | Unit 2550 |
| 18:36 | Build | Farm |
| 18:38 | Build | Farm |
| 19:06 | Create | Unit 2550 |
| 19:07 | Create | Villager (Male) |
| 19:09 | Create | Villager (Male) |
| 19:11 | Build | Farm |
| 19:21 | Create | Unit 2550 |
| 19:21 | Create | Unit 2550 |
| 19:46 | Create | Villager (Male) |
| 19:53 | Create | Villager (Male) |
| 20:09 | Build | Barracks |
| 20:22 | Create | Unit 2550 |
| 20:44 | Create | Unit 2550 |
| 20:48 | Build | Farm |
| 20:49 | Build | Farm |
| 20:50 | Build | Farm |
| 20:56 | Create | Villager (Male) |
| 21:00 | Create | Unit 2550 ×2 |
| 21:00 | Create | Unit 2550 ×2 |
| 21:00 | Create | Unit 2550 ×2 |
| 21:14 | Build | Farm |
| 21:34 | Create | Unit 2550 ×3 |
| 21:34 | Create | Unit 2550 ×3 |
| 21:58 | Create | Unit 2550 ×3 |
| 21:58 | Create | Unit 2550 ×3 |
| 21:59 | Create | Unit 2550 ×3 |
| 22:03 | Create | Villager (Male) |
| 22:05 | Build | Farm |
| 22:08 | Build | Farm |
| 22:10 | Build | Farm |
| 22:15 | Create | Unit 2550 ×4 |
| 22:15 | Create | Unit 2550 ×4 |
| 22:33 | Build | Farm |
| 22:34 | Build | Farm |
| 22:36 | Build | Farm |
| 23:01 | Create | Villager (Male) |
| 23:03 | Build | Farm |
| 23:41 | Create | Unit 2550 ×5 |
| 23:41 | Create | Unit 2550 ×5 |
| 23:41 | Create | Unit 2550 ×5 |
Build order — Acido
First 150 of 361 actions detected
| 0:01 | Create | Villager (Male) |
| 0:01 | Create | Villager (Male) |
| 0:02 | Create | Villager (Male) |
| 0:02 | Create | Villager (Male) |
| 0:02 | Create | Villager (Male) |
| 0:02 | Create | Villager (Male) |
| 0:04 | Build | House |
| 0:08 | Build | House |
| 0:27 | Build | House |
| 1:36 | Create | Villager (Male) |
| 1:36 | Create | Villager (Male) |
| 1:36 | Create | Villager (Male) |
| 1:47 | Build | Lumber Camp |
| 1:55 | Create | Villager (Male) |
| 1:55 | Create | Villager (Male) |
| 1:55 | Create | Villager (Male) |
| 2:14 | Research | Loom |
| 3:20 | Create | Villager (Male) |
| 3:20 | Create | Villager (Male) |
| 3:20 | Create | Villager (Male) |
| 3:20 | Create | Villager (Male) |
| 3:44 | Create | Villager (Male) |
| 3:45 | Create | Villager (Male) |
| 4:21 | Create | Villager (Male) |
| 4:21 | Create | Villager (Male) |
| 4:41 | Create | Villager (Male) |
| 4:41 | Create | Villager (Male) |
| 5:22 | Create | Villager (Male) |
| 5:22 | Create | Villager (Male) |
| 5:25 | Create | Villager (Male) |
| 5:25 | Create | Villager (Male) |
| 5:56 | Build | Dock |
| 6:10 | Create | Villager (Male) |
| 6:10 | Create | Villager (Male) |
| 6:22 | Build | Mill |
| 6:34 | Create | Villager (Male) |
| 6:34 | Create | Villager (Male) |
| 7:08 | Create | Fishing Ship |
| 7:09 | Create | Fishing Ship |
| 7:09 | Create | Fishing Ship |
| 7:09 | Create | Fishing Ship |
| 7:12 | Build | House |
| 7:15 | Build | House |
| 7:16 | Build | House |
| 7:26 | Build | House |
| 7:47 | Build | Palisade Wall |
| 7:49 | Build | Palisade Wall |
| 8:06 | Create | Villager (Male) |
| 8:18 | Build | Palisade Gate |
| 8:21 | Build | Palisade Wall |
| 8:24 | Create | Villager (Male) |
| 8:46 | Create | Villager (Male) |
| 8:52 | Build | Mill |
| 9:08 | Create | Villager (Male) |
| 9:11 | Create | Fishing Ship |
| 9:11 | Create | Fishing Ship |
| 9:34 | Create | Fishing Ship |
| 9:54 | Create | Villager (Male) |
| 10:01 | Create | Fishing Ship |
| 10:23 | Research | Feudal Age |
| 10:23 | Research | Feudal Age |
| 10:23 | Research | Feudal Age |
| 10:32 | Build | Farm |
| 10:58 | Build | Mining Camp |
| 12:09 | Build | House |
| 12:10 | Build | Palisade Wall |
| 12:44 | Age | Feudal Age |
| 12:47 | Build | Market |
| 12:52 | Build | Blacksmith |
| 13:00 | Create | Villager (Male) |
| 13:01 | Create | Villager (Male) |
| 13:07 | Create | Demolition Raft |
| 13:10 | Create | Demolition Raft |
| 13:33 | Build | Farm |
| 13:38 | Build | Farm |
| 13:56 | Research | Castle Age |
| 13:56 | Research | Castle Age |
| 14:01 | Create | Villager (Male) |
| 14:19 | Create | Fishing Ship |
| 14:40 | Research | Double-Bit Axe |
| 14:43 | Research | Horse Collar |
| 15:35 | Build | Barracks |
| 16:05 | Create | Demolition Raft |
| 16:06 | Create | Demolition Raft |
| 16:32 | Build | Archery Range |
| 16:35 | Research | Fletching |
| 16:36 | Age | Castle Age |
| 16:36 | Research | Padded Archer Armor |
| 16:41 | Create | Villager (Male) |
| 16:46 | Create | Villager (Male) |
| 17:02 | Research | Gold Mining |
| 17:09 | Build | Farm |
| 17:28 | Build | Archery Range |
| 17:48 | Research | Thumb Ring |
| 17:54 | Create | Villager (Male) |
| 17:54 | Create | Villager (Male) |
| 18:17 | Build | Farm |
| 18:20 | Build | Farm |
| 18:42 | Build | House |
| 18:44 | Build | House |
| 18:45 | Build | House |
| 18:51 | Create | Cavalry Archer |
| 18:51 | Create | Cavalry Archer |
| 18:51 | Create | Cavalry Archer |
| 18:51 | Create | Cavalry Archer |
| 18:52 | Create | Cavalry Archer |
| 18:52 | Create | Cavalry Archer |
| 19:06 | Build | Farm |
| 19:10 | Create | Villager (Male) |
| 19:21 | Build | Farm |
| 19:32 | Research | Bow Saw |
| 19:35 | Create | Cavalry Archer |
| 19:35 | Create | Cavalry Archer |
| 19:37 | Create | Villager (Male) |
| 19:37 | Create | Villager (Male) |
| 20:08 | Create | Demolition Raft |
| 20:12 | Create | Villager (Male) |
| 20:24 | Create | Villager (Male) |
| 20:30 | Build | University |
| 20:40 | Create | Cavalry Archer |
| 20:40 | Create | Cavalry Archer |
| 20:40 | Create | Cavalry Archer |
| 20:40 | Create | Cavalry Archer |
| 20:54 | Create | Villager (Male) |
| 21:24 | Create | Villager (Male) |
| 21:43 | Research | Ballistics |
| 21:47 | Create | Villager (Male) |
| 21:47 | Create | Villager (Male) |
| 21:48 | Create | Villager (Male) |
| 21:51 | Build | Farm |
| 21:51 | Build | Farm |
| 21:52 | Build | Farm |
| 21:53 | Create | Villager (Male) |
| 21:54 | Create | Villager (Male) |
| 22:16 | Create | Villager (Male) |
| 22:16 | Create | Villager (Male) |
| 22:46 | Build | Town Center |
| 22:51 | Create | Cavalry Archer |
| 22:51 | Create | Cavalry Archer |
| 22:51 | Create | Cavalry Archer |
| 22:56 | Create | Villager (Male) |
| 22:59 | Create | Villager (Male) |
| 22:59 | Create | Villager (Male) |
| 23:16 | Create | Demolition Raft |
| 23:19 | Create | Villager (Male) |
| 23:20 | Create | Villager (Male) |
| 23:38 | Create | Villager (Male) |
| 24:11 | Create | Demolition Raft |
| 24:11 | Create | Demolition Raft |
| 24:13 | Create | Villager (Male) |
Match timeline
| 5:08 | guytoufatou · wall_segment Palisade Wall x1 |
| 5:29 | 我的魔法會撕裂你 · first_building Dock |
| 5:56 | Acido · first_building Dock |
| 6:10 | guytoufatou · wall_segment Palisade Wall x1 |
| 6:11 | guytoufatou · wall_segment Palisade Wall x1 |
| 6:12 | guytoufatou · wall_segment Palisade Wall x1 |
| 6:13 | guytoufatou · wall_segment Palisade Wall x1 |
| 7:10 | guytoufatou · wall_segment Palisade Wall x8 |
| 7:13 | guytoufatou · wall_segment Palisade Wall x2 |
| 7:16 | VZ | Trump · wall_segment Palisade Wall x1 |
| 7:20 | VZ | Trump · wall_segment Palisade Wall x13 |
| 7:26 | VZ | Trump · wall_segment Palisade Wall x12 |
| 7:28 | guytoufatou · first_building Barracks |
| 7:42 | Te juro boludoooooooo · first_building Barracks |
| 7:47 | Acido · wall_segment Palisade Wall x1 |
| 7:49 | Acido · wall_segment Palisade Wall x1 |
| 8:21 | Acido · wall_segment Palisade Wall x1 |
| 8:35 | guytoufatou · wall_segment Palisade Wall x7 |
| 8:39 | guytoufatou · wall_segment Palisade Wall x7 |
| 8:50 | VZ | Trump · wall_segment Palisade Wall x4 |
| 9:01 | VZ | Trump · first_building Barracks |
| 9:04 | Jimmy · first_building Barracks |
| 9:29 | Te juro boludoooooooo · age_up feudal |
| 9:40 | Te juro boludoooooooo · first_building Archery Range |
| 9:44 | VZ | Trump · age_up feudal |
| 10:16 | guytoufatou · age_up feudal |
| 10:24 | guytoufatou · first_building Archery Range |
| 10:29 | VZ | Trump · first_building Stable |
| 10:34 | VZ | Trump · wall_segment Palisade Wall x1 |
| 10:35 | VZ | Trump · wall_segment Palisade Wall x1 |
| 10:43 | Jimmy · age_up feudal |
| 11:28 | 我的魔法會撕裂你 · wall_segment Palisade Wall x29 |
| 11:54 | 我的魔法會撕裂你 · age_up feudal |
| 12:06 | VZ | Trump · wall_segment Palisade Wall x11 |
| 12:10 | Acido · wall_segment Palisade Wall x1 |
| 12:44 | Acido · age_up feudal |
| 13:54 | Acido · first_market_sell 100 wood |
| 14:12 | 我的魔法會撕裂你 · first_building Barracks |
| 15:29 | 我的魔法會撕裂你 · age_up castle |
| 15:35 | Acido · first_building Barracks |
| 16:15 | Jimmy · wall_segment Palisade Wall x1 |
| 16:32 | Acido · first_building Archery Range |
| 16:36 | Acido · age_up castle |
| 17:26 | Acido · first_market_buy 100 wood |
| 17:48 | Jimmy · wall_segment Palisade Wall x1 |
| 20:12 | Te juro boludoooooooo · first_market_buy 100 food |
| 20:26 | 我的魔法會撕裂你 · first_building Stable |
| 21:08 | 我的魔法會撕裂你 · first_market_buy 100 food |
| 22:52 | Te juro boludoooooooo · age_up castle |
| 23:21 | guytoufatou · age_up castle |
| 25:31 | guytoufatou · tribute_sent a jugador 1 |
| 25:31 | guytoufatou · tribute_sent a jugador 2 |
| 25:31 | guytoufatou · tribute_sent a jugador 4 |
| 25:31 | guytoufatou · tribute_sent a jugador 5 |
| 25:31 | guytoufatou · tribute_sent a jugador 6 |
| 26:03 | VZ | Trump · first_market_buy 500 food |
| 26:05 | VZ | Trump · first_market_sell 500 wood |
| 26:19 | Jimmy · first_market_buy 100 food |
| 27:10 | Jimmy · wall_segment Palisade Wall x1 |
| 27:59 | Te juro boludoooooooo · first_market_sell 100 wood |
| 28:20 | Te juro boludoooooooo · first_building Castle |
| 28:44 | 我的魔法會撕裂你 · wall_segment Stone Wall x30 |
| 28:50 | VZ | Trump · age_up castle |
| 29:25 | Jimmy · age_up castle |
| 30:13 | Te juro boludoooooooo · wall_segment Palisade Wall x1 |
| 30:30 | Acido · first_building Stable |
| 30:46 | 我的魔法會撕裂你 · first_market_sell 100 wood |
| 32:51 | Acido · first_building Siege Workshop |
| 32:55 | VZ | Trump · wall_segment Palisade Wall x1 |
| 33:02 | 我的魔法會撕裂你 · first_building Castle |
| 35:35 | guytoufatou · first_market_sell 100 wood |
| 37:52 | Acido · first_building Castle |
| 39:09 | Te juro boludoooooooo · age_up imperial |
| 40:26 | Te juro boludoooooooo · wall_segment Palisade Wall x1 |
| 40:28 | guytoufatou · resign |
| 42:14 | Acido · age_up imperial |
[ AI ANALYSIS · 1 CREDIT ]
What really happened in this match?
Wolo.gg analyzes every decision: build order, eco, micro, common mistakes by bracket. Personalized analysis on WhatsApp or Discord in 30 seconds.
Civ guide
Maya
Map guide
Coastal Forest
Perfil
guytoufatou